Wild vs Avalanche
Created - 10 avril 2013 at 23:34
Goals
|
| Wild |
2 |
3 |
0 |
5 |
| Avalanche |
1 |
1 |
0 |
2 |
|
Shots
|
| Wild |
8 |
15 |
7 |
30 |
| Avalanche |
12 |
12 |
9 |
33 |
|
1st period
1. Avalanche , Oleg Kvasha 14 (Radim Vrbata, Rostislav Olesz) at 9:20 (PP)
2. Wild , Fedor Tyutin 5 (R.J. Umberger, Mark Recchi) at 15:06
3. Wild , Jozef Stumpel 24 (Nathan Dempsey, Bret Hedican) at 19:09 (PP)
Penalties :
Fedor Tyutin (Min) for Roughing (Minor) at 8:44, Andrew Ladd (Col) for High sticking (Minor) at 10:24, Dustin Byfuglien (Col) for Hooking (Minor) at 18:41
2nd period
4. Wild , Mark Recchi 33 (Nathan Dempsey) at 2:47
5. Wild , Jozef Stumpel 25 (Vaclav Prospal, Anson Carter) at 3:44
6. Avalanche , Éric Perrin 11 (Andrew Ladd, Jack Johnson) at 19:04
7. Wild , Jozef Stumpel 26 (Vaclav Prospal, Nathan Dempsey) at 19:53
Penalties :
Mattias Norstrom (Col) for Boarding (Minor) at 8:53
3rd period
No Goal
Penalties :
No Penalty
Goalie Stats
Martin Brodeur (Min), 31 saves from 33 shots - (0,939), W, 32-20-3, 60:00 minutes
Antti Niemi (Col), 6 saves from 10 shots - (0,600), L, 17-23-4, 23:44 minutes
Patrick Lalime (Col), 19 saves from 20 shots - (0,950), 36:16 minutes
Players Stats for Wild
Player Name G A P +/- PIM S H SB GA TA FO MP PP MP PK MP
------------------------------------------------------------------------------------
Adam Deadmarsh 0 0 0 -1 0 0 0 0 0 1 0/1 12:34 0:00 0:00
Anson Carter 0 1 1 2 0 1 1 0 0 0 0/1 16:49 1:44 0:00
Bret Hedican 0 1 1 1 0 0 1 4 0 0 0/0 24:56 2:32 0:00
Chris Drury 0 0 0 2 0 6 0 0 1 0 10/27 20:52 2:42 0:00
Chris Higgins 0 0 0 -1 0 2 3 0 0 1 0/0 13:10 0:00 0:31
Danil Markov 0 0 0 0 0 1 1 0 0 0 0/0 14:01 0:00 0:36
Fedor Tyutin 1 0 1 2 2 2 5 0 1 0 0/0 20:11 1:54 0:00
Fredrik Modin 0 0 0 0 0 1 2 0 0 0 0/0 10:11 0:00 0:00
Jozef Stumpel 3 0 3 2 0 5 0 1 1 0 0/0 17:52 2:42 0:00
Mark Recchi 1 1 2 2 0 4 2 0 0 1 0/0 20:45 2:42 0:00
Mike Knuble 0 0 0 0 0 1 2 1 1 0 0/0 10:01 0:00 0:05
Mike Ricci 0 0 0 0 0 2 4 0 0 0 1/3 9:54 0:00 0:05
Nathan Dempsey 0 3 3 1 0 2 0 0 0 1 0/0 24:54 2:32 0:00
Niclas Wallin 0 0 0 2 0 1 0 2 0 2 0/0 20:59 1:54 0:36
R.J. Umberger 0 1 1 2 0 0 0 0 1 0 0/1 19:11 1:44 0:00
Rod Brind'Amour 0 0 0 -1 0 0 1 0 0 1 2/5 12:51 0:00 0:31
Shane Hnidy 0 0 0 0 0 0 0 0 0 1 0/0 13:29 0:00 0:00
Vaclav Prospal 0 2 2 2 0 2 2 0 0 0 3/13 16:43 1:44 0:00
Players Stats for Avalanche
Player Name G A P +/- PIM S H SB GA TA FO MP PP MP PK MP
------------------------------------------------------------------------------------
Andrew Ladd 0 1 1 0 2 3 1 0 0 1 0/0 12:03 0:00 0:57
Chuck Kobasew 0 0 0 0 0 4 0 1 0 1 0/0 12:28 0:00 2:25
Dave Tanabe 0 0 0 -2 0 0 1 0 0 0 0/0 20:42 0:28 1:44
Dustin Byfuglien 0 0 0 0 2 0 1 0 0 0 0/0 10:58 0:00 0:00
Éric Perrin 1 0 1 0 0 3 0 0 1 0 2/2 11:31 0:00 0:21
Jack Johnson 0 1 1 0 0 0 0 1 1 0 0/0 21:32 0:28 1:29
Jason Pominville 0 0 0 -1 0 2 0 0 0 1 0/0 18:24 0:19 0:00
Jeff Taffe 0 0 0 0 0 3 1 0 0 0 0/0 11:36 0:08 0:27
John-Michael Liles 0 0 0 -1 0 2 2 0 1 0 0/0 16:33 0:08 0:09
Marc Staal 0 0 0 0 0 1 2 0 0 1 0/0 21:56 0:00 2:33
Mattias Norstrom 0 0 0 -2 2 2 1 0 2 0 0/0 19:15 0:00 0:00
Maxim Talbot 0 0 0 0 0 3 1 0 0 0 4/9 12:30 0:00 2:29
Mike Comrie 0 0 0 -2 0 2 0 0 0 0 11/15 16:54 0:19 1:09
Oleg Kvasha 1 0 1 -1 0 2 1 1 0 0 17/23 18:17 0:17 0:00
Ossi Vaananen 0 0 0 -1 0 0 1 0 0 1 0/0 19:14 0:00 2:57
Radim Vrbata 0 1 1 -2 0 1 1 1 1 0 0/0 15:34 0:17 0:00
Rostislav Olesz 0 1 1 -2 0 3 2 0 1 0 1/1 15:33 0:17 0:00
Ryan Smyth 0 0 0 -1 0 2 4 1 1 0 0/1 20:31 0:19 1:04
3 Stars
1 - Jozef Stumpel (Min)
2 - Mark Recchi (Min)
3 - Vaclav Prospal (Min)
Power Play
Wild - 1 on 3 Attempt(s) - 33,33%
Avalanche - 1 on 1 Attempt(s) - 100,00%
Penalty Kill
Wild - 0 on 1 Attempt(s) - 0,00%
- Score 0 goal in Penalty Kill
Avalanche - 2 on 3 Attempt(s) - 66,67%
- Score 0 goal in Penalty Kill
Official
Referees : Jackson Dave and LaRue Dennis
Linesman : Don Henderson and Brian Mach
Game Notes
15:06 of 1st period - Wild goal is going for a video replay. After video review, Goal.
Patrick Lalime enters game at 3:44 of 2nd period
Jozef Stumpel has scored a Hat Trick!
Finance
Level 1 -- Attendance: 5344 (89,07%) -- Ticket Income 464 928 $
Level 2 -- Attendance: 4832 (96,64%) -- Ticket Income 251 264 $
Level 3 -- Attendance: 1896 (94,80%) -- Ticket Income 56 880 $
Level 4 -- Attendance: 3867 (96,68%) -- Ticket Income 69 606 $
Luxury Box -- Attendance: 908 (90,80%) -- Ticket Income 153 452 $
Game was played at the Pepsi Center
Total Attendance: 16847 (93,59%)
Total Ticket Income: 996 130 $
Total Income: 996 130 $
Wild
5 vs 5 Forward
Center Left Wing Right Wing Time % Phy DF OF
1 Chris Drury R.J. Umberger Mark Recchi 40 0 1 4
2 Vaclav Prospal Jozef Stumpel Anson Carter 30 0 2 3
3 Rod Brind'Amour Chris Higgins Adam Deadmarsh 20 0 3 2
4 Mike Ricci Fredrik Modin Mike Knuble 10 0 2 3
5 vs 5 Defense
Defense Defense Time % Phy DF OF
1 Nathan Dempsey Bret Hedican 40 0 3 2
2 Fedor Tyutin Niclas Wallin 30 0 3 2
3 Danil Markov Shane Hnidy 20 0 3 2
4 Nathan Dempsey Bret Hedican 10 0 3 2
PowerPlay Forward
Center Left Wing Right Wing Time % Phy DF OF
1 Chris Drury Jozef Stumpel Mark Recchi 60 0 1 4
2 Vaclav Prospal R.J. Umberger Anson Carter 40 0 1 4
PowerPlay Defense
Defense Defense Time % Phy DF OF
1 Nathan Dempsey Bret Hedican 60 0 2 3
2 Fedor Tyutin Niclas Wallin 40 0 2 3
Penalty Kill 4 Players Forward
Center Wing Time % Phy DF OF
1 Rod Brind'Amour Chris Higgins 60 0 4 1
2 Mike Ricci Mike Knuble 40 1 3 1
Penalty Kill 4 Players Defense
Defense Defense Time % Phy DF OF
1 Danil Markov Niclas Wallin 60 0 4 1
2 Fedor Tyutin Nathan Dempsey 40 0 4 1
Penalty Kill - 3 Players Forward
Forward Time % Phy DF OF
1 Rod Brind'Amour 60 0 5 0
2 Mike Ricci 40 0 5 0
Penalty Kill - 3 Players Defense
Defense Defense Time % Phy DF OF
1 Danil Markov Niclas Wallin 60 1 4 0
2 Fedor Tyutin Nathan Dempsey 40 1 4 0
4 vs 4 Forward
Center Wing Time % Phy DF OF
1 Chris Drury Mark Recchi 60 0 2 3
2 Vaclav Prospal Jozef Stumpel 40 0 2 3
4 vs 4 Defense
Defense Defense Time % Phy DF OF
1 Nathan Dempsey Bret Hedican 60 0 3 2
2 Fedor Tyutin Niclas Wallin 40 0 3 2
Last Minutes Offensive
Center Left Wing Right Wing Defense Defense
Chris Drury Jozef Stumpel Mark Recchi Nathan Dempsey Bret Hedican
Last Minutes Defensive
Center Left Wing Right Wing Defense Defense
Rod Brind'Amour Mike Ricci Chris Higgins Danil Markov Niclas Wallin
Goaltenders
Starting : Martin Brodeur
Backup : Jamie Storr
Extra Forwards
Normal : Chris Drury, Mark Recchi, Jozef Stumpel - PP : Chris Drury, Mark Recchi - PK : Rod Brind'Amour
Extra Defensemen
Normal : Bret Hedican, Shane Hnidy, Nathan Dempsey - PP : Bret Hedican - PK : Danil Markov, Niclas Wallin
Penalty Shots
Chris Drury, Mark Recchi, Vaclav Prospal, Jozef Stumpel, Mike Ricci
Avalanche
5 vs 5 Forward
Center Left Wing Right Wing Time % Phy DF OF
1 Oleg Kvasha Ryan Smyth Jason Pominville 40 1 2 2
2 Mike Comrie Rostislav Olesz Radim Vrbata 30 1 2 2
3 Maxim Talbot Jeff Taffe Chuck Kobasew 15 1 2 2
4 Éric Perrin Andrew Ladd Dustin Byfuglien 15 2 2 1
5 vs 5 Defense
Defense Defense Time % Phy DF OF
1 Marc Staal Jack Johnson 40 1 2 2
2 Mattias Norstrom Dave Tanabe 33 1 2 2
3 Ossi Vaananen John-Michael Liles 27 1 2 2
4 Jack Johnson Marc Staal 0 1 2 2
PowerPlay Forward
Center Left Wing Right Wing Time % Phy DF OF
1 Mike Comrie Ryan Smyth Jason Pominville 60 1 2 2
2 Oleg Kvasha Rostislav Olesz Radim Vrbata 40 1 2 2
PowerPlay Defense
Defense Defense Time % Phy DF OF
1 Jack Johnson Dave Tanabe 60 1 2 2
2 Jeff Taffe John-Michael Liles 40 1 2 2
Penalty Kill 4 Players Forward
Center Wing Time % Phy DF OF
1 Maxim Talbot Chuck Kobasew 60 1 2 2
2 Mike Comrie Andrew Ladd 40 1 2 2
Penalty Kill 4 Players Defense
Defense Defense Time % Phy DF OF
1 Marc Staal Ossi Vaananen 60 1 2 2
2 Jack Johnson Dave Tanabe 40 1 2 2
Penalty Kill - 3 Players Forward
Forward Time % Phy DF OF
1 Ryan Smyth 60 1 2 2
2 Jason Pominville 40 1 2 2
Penalty Kill - 3 Players Defense
Defense Defense Time % Phy DF OF
1 Marc Staal Ossi Vaananen 60 1 2 2
2 Jack Johnson Dave Tanabe 40 1 2 2
4 vs 4 Forward
Center Wing Time % Phy DF OF
1 Ryan Smyth Jason Pominville 60 1 2 2
2 Oleg Kvasha Mike Comrie 40 1 2 2
4 vs 4 Defense
Defense Defense Time % Phy DF OF
1 Dave Tanabe Mattias Norstrom 60 1 2 2
2 Marc Staal Jack Johnson 40 1 2 2
Last Minutes Offensive
Center Left Wing Right Wing Defense Defense
Mike Comrie Ryan Smyth Jason Pominville Dave Tanabe Jack Johnson
Last Minutes Defensive
Center Left Wing Right Wing Defense Defense
Mike Comrie Ryan Smyth Jason Pominville Marc Staal Jack Johnson
Goaltenders
Starting : Antti Niemi
Backup : Patrick Lalime
Extra Forwards
Normal : Radim Vrbata, Chuck Kobasew, Andrew Ladd - PP : Andrew Ladd, Dustin Byfuglien - PK : Ryan Smyth
Extra Defensemen
Normal : Ossi Vaananen, Jack Johnson, Marc Staal - PP : Ossi Vaananen - PK : Jack Johnson, Marc Staal
Penalty Shots
Ryan Smyth, Oleg Kvasha, Andrew Ladd, Radim Vrbata, Mike Comrie
% Time on Ice - Wild
Lines # - Real PCT - Wanted PCT - Time Play
Normal Forward
1 - 33% - 40% - 18:16
2 - 27% - 30% - 14:52
3 - 22% - 20% - 12:20
4 - 17% - 10% - 9:30
Normal Defense
1 - 36% - 40% - 19:57
2 - 34% - 30% - 18:51
3 - 24% - 20% - 13:04
4 - 6% - 10% - 3:06
PP Forward
1 - 61% - 60% - 2:42
2 - 39% - 40% - 1:44
PP Defense
1 - 57% - 60% - 2:32
2 - 43% - 40% - 1:54
PK Forward
1 - 86% - 60% - 0:31
2 - 14% - 40% - 0:05
PK Defense
1 - 100% - 60% - 0:36
2 - 0% - 40% - 0:00
PK3 Forward
1 - 0% - 60%
2 - 0% - 40%
PK3 Defense
1 - 0% - 60%
2 - 0% - 40%
44 Forward
1 - 0% - 60%
2 - 0% - 40%
44 Defense
1 - 0% - 60%
2 - 0% - 40%
Last Minute Offensive - 0:00
Last Minute Defensive - 0:00
Total
Forward - 60:00
Defense - 60:00
|
% Time on Ice - Avalanche
Lines # - Real PCT - Wanted PCT - Time Play
Normal Forward
1 - 36% - 40% - 20:01
2 - 26% - 30% - 14:22
3 - 19% - 15% - 10:19
4 - 19% - 15% - 10:16
Normal Defense
1 - 38% - 40% - 20:47
2 - 32% - 33% - 17:51
3 - 30% - 27% - 16:20
4 - 0% - 0% - 0:00
PP Forward
1 - 53% - 60% - 0:19
2 - 47% - 40% - 0:17
PP Defense
1 - 78% - 60% - 0:28
2 - 22% - 40% - 0:08
PK Forward
1 - 74% - 60% - 3:17
2 - 26% - 40% - 1:09
PK Defense
1 - 67% - 60% - 2:57
2 - 33% - 40% - 1:29
PK3 Forward
1 - 0% - 60%
2 - 0% - 40%
PK3 Defense
1 - 0% - 60%
2 - 0% - 40%
44 Forward
1 - 0% - 60%
2 - 0% - 40%
44 Defense
1 - 0% - 60%
2 - 0% - 40%
Last Minute Offensive - 0:00
Last Minute Defensive - 0:00
Total
Forward - 60:00
Defense - 60:00
|
Play by Play
1st period
0:01 of 1st period - Chris Drury wins face-off versus Oleg Kvasha in neutral zone.
0:37 of 1st period - Slapshot by Mattias Norstrom.
0:37 of 1st period - Stopped by Martin Brodeur without a rebound.
0:38 of 1st period - Vaclav Prospal wins face-off versus Mike Comrie in Wild zone.
1:26 of 1st period - Slapshot by John-Michael Liles.
1:26 of 1st period - Stopped by Martin Brodeur without a rebound.
1:27 of 1st period - Éric Perrin wins face-off versus Chris Drury in Wild zone.
2:02 of 1st period - Off-side.
2:03 of 1st period - Oleg Kvasha wins face-off versus Vaclav Prospal in neutral zone.
2:59 of 1st period - Snap shot by Éric Perrin.
2:59 of 1st period - Stopped by Martin Brodeur without a rebound.
3:00 of 1st period - Oleg Kvasha wins face-off versus Vaclav Prospal in Wild zone.
3:07 of 1st period - Snap shot by Jason Pominville.
3:07 of 1st period - Stopped by Martin Brodeur with a rebound.
4:14 of 1st period - Wrist shot by Radim Vrbata.
4:14 of 1st period - Shot Misses the Net.
4:16 of 1st period - Wrist shot by Rostislav Olesz.
4:16 of 1st period - Shot Misses the Net.
5:18 of 1st period - Wrist shot by Andrew Ladd.
5:18 of 1st period - Shot Misses the Net.
5:20 of 1st period - Slapshot by John-Michael Liles.
5:20 of 1st period - Deflect By Andrew Ladd.
5:20 of 1st period - Stopped by Martin Brodeur with a rebound.
5:37 of 1st period - Radim Vrbata is hit by Fedor Tyutin and loses puck.
5:54 of 1st period - Marc Staal is hit by Fedor Tyutin and loses puck.
6:20 of 1st period - Wrist shot by Chuck Kobasew.
6:20 of 1st period - Stopped by Martin Brodeur without a rebound.
6:21 of 1st period - Mike Ricci wins face-off versus Maxim Talbot in Wild zone.
6:26 of 1st period - Mattias Norstrom is hit by Mike Ricci and loses puck.
6:35 of 1st period - Slapshot by Mike Ricci.
6:35 of 1st period - Stopped by Antti Niemi with a rebound.
6:37 of 1st period - Slapshot by Danil Markov.
6:37 of 1st period - Shot Blocked by Chuck Kobasew.
6:41 of 1st period - Snap shot by Mike Knuble.
6:41 of 1st period - Deflect By Dave Tanabe.
6:41 of 1st period - Shot Misses the Net.
6:41 of 1st period - Puck is out of play.
6:42 of 1st period - Chris Drury wins face-off versus Ryan Smyth in Avalanche zone.
7:00 of 1st period - Icing by Mark Recchi.
7:01 of 1st period - Mike Comrie wins face-off versus Chris Drury in Wild zone.
7:22 of 1st period - Snap shot by Chris Drury.
7:22 of 1st period - Shot Misses the Net.
7:24 of 1st period - Snap shot by Mark Recchi.
7:24 of 1st period - Shot Misses the Net.
7:26 of 1st period - Slapshot by Shane Hnidy.
7:26 of 1st period - Shot Misses the Net.
7:28 of 1st period - Wrist shot by R.J. Umberger.
7:28 of 1st period - Shot Misses the Net.
7:30 of 1st period - Slapshot by Danil Markov.
7:30 of 1st period - Stopped by Antti Niemi without a rebound.
7:31 of 1st period - Oleg Kvasha wins face-off versus Vaclav Prospal in Avalanche zone.
7:46 of 1st period - Slapshot by Anson Carter.
7:46 of 1st period - Deflect By Marc Staal.
7:46 of 1st period - Stopped by Antti Niemi without a rebound.
7:47 of 1st period - Mike Comrie wins face-off versus Adam Deadmarsh in Avalanche zone.
7:47 of 1st period - Mike Comrie is hit by Chris Higgins.
8:18 of 1st period - Oleg Kvasha is hit by Bret Hedican and loses puck.
8:37 of 1st period - Snap shot by Éric Perrin.
8:37 of 1st period - Stopped by Martin Brodeur without a rebound.
8:38 of 1st period - Éric Perrin wins face-off versus Chris Drury in Wild zone.
8:44 of 1st period - Minor Penalty to Fedor Tyutin for Roughing.
8:45 of 1st period - Mike Comrie wins face-off versus Rod Brind'Amour in Wild zone.
9:20 of 1st period - Snap shot by Oleg Kvasha.
9:20 of 1st period - Goal by Oleg Kvasha - Wild : 0 - Avalanche : 1.
9:21 of 1st period - Oleg Kvasha wins face-off versus Vaclav Prospal in neutral zone.
9:46 of 1st period - R.J. Umberger is hit by Marc Staal and loses puck.
9:57 of 1st period - Wrist shot by Radim Vrbata.
9:57 of 1st period - Stopped by Martin Brodeur with a rebound.
10:24 of 1st period - Minor Penalty to Andrew Ladd for High sticking.
10:25 of 1st period - Chris Drury wins face-off versus Maxim Talbot in Avalanche zone.
11:57 of 1st period - Jozef Stumpel is hit by Jeff Taffe and loses puck.
12:06 of 1st period - Marc Staal is hit by Mark Recchi and loses puck.
12:24 of 1st period - Penalty to Andrew Ladd is over, Andrew Ladd is back on ice.
13:48 of 1st period - Chris Drury is hit by Radim Vrbata and loses puck.
14:17 of 1st period - Mike Knuble is hit by John-Michael Liles and loses puck.
14:29 of 1st period - Off-side.
14:30 of 1st period - Oleg Kvasha wins face-off versus Rod Brind'Amour in neutral zone.
15:00 of 1st period - Snap shot by Mark Recchi.
15:00 of 1st period - Stopped by Antti Niemi with a rebound.
15:02 of 1st period - Snap shot by R.J. Umberger.
15:02 of 1st period - Shot Blocked by Radim Vrbata.
15:04 of 1st period - Snap shot by R.J. Umberger.
15:04 of 1st period - Shot Misses the Net.
15:06 of 1st period - Slapshot by Fedor Tyutin.
15:06 of 1st period - Wild goal is going for a video replay.
15:06 of 1st period - The goal is good.
15:06 of 1st period - Goal by Fedor Tyutin - Wild : 1 - Avalanche : 1.
15:07 of 1st period - Oleg Kvasha wins face-off versus Chris Drury in neutral zone.
15:42 of 1st period - Snap shot by Jozef Stumpel.
15:42 of 1st period - Shot Misses the Net.
16:39 of 1st period - Chris Drury is hit by Ryan Smyth and loses puck.
17:36 of 1st period - Off-side.
17:37 of 1st period - Oleg Kvasha wins face-off versus Mike Ricci in neutral zone.
17:51 of 1st period - Shane Hnidy is hit by Ryan Smyth and loses puck.
18:07 of 1st period - Off-side.
18:08 of 1st period - Mike Comrie wins face-off versus Chris Drury in neutral zone.
18:23 of 1st period - Mark Recchi is hit by Dave Tanabe and loses puck.
18:41 of 1st period - Minor Penalty to Dustin Byfuglien for Hooking.
18:42 of 1st period - Chris Drury wins face-off versus Maxim Talbot in Avalanche zone.
18:51 of 1st period - Wrist shot by Mark Recchi.
18:51 of 1st period - Stopped by Antti Niemi without a rebound.
18:52 of 1st period - Chris Drury wins face-off versus Maxim Talbot in Avalanche zone.
19:07 of 1st period - Snap shot by Nathan Dempsey.
19:07 of 1st period - Stopped by Antti Niemi with a rebound.
19:09 of 1st period - Snap shot by Jozef Stumpel.
19:09 of 1st period - Deflect By Chuck Kobasew.
19:09 of 1st period - Goal by Jozef Stumpel - Wild : 2 - Avalanche : 1.
19:10 of 1st period - Oleg Kvasha wins face-off versus Chris Drury in neutral zone.
19:19 of 1st period - Snap shot by Bret Hedican.
19:19 of 1st period - Shot Misses the Net.
19:44 of 1st period - Wrist shot by Rostislav Olesz.
19:44 of 1st period - Stopped by Martin Brodeur with a rebound.
19:54 of 1st period - Wrist shot by Maxim Talbot.
19:54 of 1st period - Stopped by Martin Brodeur with a rebound.
19:56 of 1st period - Snap shot by Chuck Kobasew.
19:56 of 1st period - Stopped by Martin Brodeur without a rebound.
19:57 of 1st period - Maxim Talbot wins face-off versus Chris Drury in Wild zone.
2nd period
0:01 of 2nd period - Chris Drury wins face-off versus Oleg Kvasha in neutral zone.
0:04 of 2nd period - Marc Staal is hit by Fedor Tyutin.
0:36 of 2nd period - Icing by Niclas Wallin.
0:37 of 2nd period - Vaclav Prospal wins face-off versus Mike Comrie in Wild zone.
0:37 of 2nd period - Vaclav Prospal is hit by Rostislav Olesz.
0:58 of 2nd period - Ossi Vaananen is hit by Fedor Tyutin and loses puck.
1:15 of 2nd period - Snap shot by Rostislav Olesz.
1:15 of 2nd period - Deflect By Radim Vrbata.
1:15 of 2nd period - Shot Blocked by Jozef Stumpel.
1:15 of 2nd period - Puck is out of play.
1:16 of 2nd period - Chris Drury wins face-off versus Oleg Kvasha in Wild zone.
1:20 of 2nd period - Off-side.
1:21 of 2nd period - Oleg Kvasha wins face-off versus Chris Drury in neutral zone.
1:47 of 2nd period - Slapshot by Chris Drury.
1:47 of 2nd period - Shot Misses the Net.
2:47 of 2nd period - Snap shot by Mark Recchi.
2:47 of 2nd period - Goal by Mark Recchi - Wild : 3 - Avalanche : 1.
2:48 of 2nd period - Mike Comrie wins face-off versus Vaclav Prospal in neutral zone.
2:56 of 2nd period - Wrist shot by Mike Comrie.
2:56 of 2nd period - Stopped by Martin Brodeur with a rebound.
3:04 of 2nd period - Snap shot by Mike Comrie.
3:04 of 2nd period - Shot Misses the Net.
3:14 of 2nd period - Jozef Stumpel is hit by Maxim Talbot and loses puck.
3:44 of 2nd period - Wrist shot by Jozef Stumpel.
3:44 of 2nd period - Goal by Jozef Stumpel - Wild : 4 - Avalanche : 1.
3:44 of 2nd period - Patrick Lalime enters game.
3:45 of 2nd period - Rod Brind'Amour wins face-off versus Mike Comrie in neutral zone.
3:48 of 2nd period - Slapshot by Bret Hedican.
3:48 of 2nd period - Deflect By Chris Higgins.
3:48 of 2nd period - Deflect By Mike Comrie.
3:48 of 2nd period - Stopped by Patrick Lalime without a rebound.
3:49 of 2nd period - Mike Comrie wins face-off versus Rod Brind'Amour in Avalanche zone.
4:52 of 2nd period - Wrist shot by Jason Pominville.
4:52 of 2nd period - Stopped by Martin Brodeur with a rebound.
4:54 of 2nd period - Snap shot by Oleg Kvasha.
4:54 of 2nd period - Shot Blocked by Niclas Wallin.
4:56 of 2nd period - Wrist shot by Ryan Smyth.
4:56 of 2nd period - Shot Misses the Net.
4:58 of 2nd period - Slapshot by Oleg Kvasha.
4:58 of 2nd period - Stopped by Martin Brodeur without a rebound.
4:59 of 2nd period - Mike Comrie wins face-off versus Vaclav Prospal in Wild zone.
5:14 of 2nd period - Snap shot by Jozef Stumpel.
5:14 of 2nd period - Stopped by Patrick Lalime with a rebound.
5:39 of 2nd period - Icing by Shane Hnidy.
5:40 of 2nd period - Maxim Talbot wins face-off versus Chris Drury in Wild zone.
5:47 of 2nd period - Wrist shot by Maxim Talbot.
5:47 of 2nd period - Stopped by Martin Brodeur without a rebound.
5:48 of 2nd period - Vaclav Prospal wins face-off versus Maxim Talbot in Wild zone.
6:06 of 2nd period - Snap shot by Chuck Kobasew.
6:06 of 2nd period - Shot Blocked by Bret Hedican.
6:08 of 2nd period - Snap shot by Jeff Taffe.
6:08 of 2nd period - Stopped by Martin Brodeur with a rebound.
6:10 of 2nd period - Snap shot by Ossi Vaananen.
6:10 of 2nd period - Shot Blocked by Bret Hedican.
6:12 of 2nd period - Wrist shot by Chuck Kobasew.
6:12 of 2nd period - Shot Misses the Net.
6:16 of 2nd period - Snap shot by Chuck Kobasew.
6:16 of 2nd period - Shot Misses the Net.
6:37 of 2nd period - Wrist shot by Chuck Kobasew.
6:37 of 2nd period - Shot Blocked by Bret Hedican.
6:39 of 2nd period - Snap shot by Chuck Kobasew.
6:39 of 2nd period - Shot Misses the Net.
6:41 of 2nd period - Slapshot by Chuck Kobasew.
6:41 of 2nd period - Shot Misses the Net.
6:43 of 2nd period - Snap shot by Jeff Taffe.
6:43 of 2nd period - Stopped by Martin Brodeur with a rebound.
6:45 of 2nd period - Slapshot by Ossi Vaananen.
6:45 of 2nd period - Deflect By Jeff Taffe.
6:45 of 2nd period - Stopped by Martin Brodeur without a rebound.
6:46 of 2nd period - Oleg Kvasha wins face-off versus Chris Drury in Wild zone.
6:53 of 2nd period - Wrist shot by R.J. Umberger.
6:53 of 2nd period - Shot Blocked by Oleg Kvasha.
6:55 of 2nd period - Backhand shot by Fedor Tyutin.
6:55 of 2nd period - Stopped by Patrick Lalime with a rebound.
8:53 of 2nd period - Minor Penalty to Mattias Norstrom for Boarding.
8:54 of 2nd period - Maxim Talbot wins face-off versus Chris Drury in Avalanche zone.
9:27 of 2nd period - Wrist shot by Andrew Ladd.
9:27 of 2nd period - Stopped by Martin Brodeur with a rebound.
10:53 of 2nd period - Penalty to Mattias Norstrom is over, Mattias Norstrom is back on ice.
11:35 of 2nd period - Jozef Stumpel is hit by Ryan Smyth and loses puck.
11:44 of 2nd period - Slapshot by Bret Hedican.
11:44 of 2nd period - Shot Blocked by Ryan Smyth.
11:46 of 2nd period - Wrist shot by Jozef Stumpel.
11:46 of 2nd period - Deflect By Mark Recchi.
11:46 of 2nd period - Stopped by Patrick Lalime with a rebound.
11:48 of 2nd period - Slapshot by Chris Drury.
11:48 of 2nd period - Stopped by Patrick Lalime with a rebound.
11:50 of 2nd period - Snap shot by Chris Drury.
11:50 of 2nd period - Deflect By Mark Recchi.
11:50 of 2nd period - Shot Misses the Net.
11:50 of 2nd period - Puck is out of play.
11:51 of 2nd period - Rod Brind'Amour wins face-off versus Mike Comrie in Avalanche zone.
11:52 of 2nd period - Snap shot by Adam Deadmarsh.
11:52 of 2nd period - Shot Misses the Net.
12:05 of 2nd period - Wrist shot by Chris Higgins.
12:05 of 2nd period - Stopped by Patrick Lalime with a rebound.
12:19 of 2nd period - Snap shot by Mike Ricci.
12:19 of 2nd period - Shot Blocked by Jack Johnson.
12:41 of 2nd period - Snap shot by Chuck Kobasew.
12:41 of 2nd period - Stopped by Martin Brodeur with a rebound.
13:39 of 2nd period - Vaclav Prospal is hit by John-Michael Liles and loses puck.
14:09 of 2nd period - Icing by Chuck Kobasew.
14:10 of 2nd period - Maxim Talbot wins face-off versus Vaclav Prospal in Avalanche zone.
14:35 of 2nd period - Oleg Kvasha is hit by Fredrik Modin and loses puck.
14:50 of 2nd period - Snap shot by Vaclav Prospal.
14:50 of 2nd period - Stopped by Patrick Lalime with a rebound.
15:40 of 2nd period - Wrist shot by Chris Drury.
15:40 of 2nd period - Shot Misses the Net.
16:12 of 2nd period - Éric Perrin is hit by Anson Carter.
16:45 of 2nd period - Snap shot by Mike Knuble.
16:45 of 2nd period - Stopped by Patrick Lalime with a rebound.
16:47 of 2nd period - Slapshot by Niclas Wallin.
16:47 of 2nd period - Stopped by Patrick Lalime with a rebound.
16:49 of 2nd period - Slapshot by Niclas Wallin.
16:49 of 2nd period - Shot Misses the Net.
16:51 of 2nd period - Wrist shot by Fredrik Modin.
16:51 of 2nd period - Deflect By Mike Ricci.
16:51 of 2nd period - Stopped by Patrick Lalime without a rebound.
16:52 of 2nd period - Mike Comrie wins face-off versus Vaclav Prospal in Avalanche zone.
16:59 of 2nd period - Vaclav Prospal is hit by Rostislav Olesz and loses puck.
17:08 of 2nd period - Wrist shot by Mike Comrie.
17:08 of 2nd period - Shot Misses the Net.
18:00 of 2nd period - Jeff Taffe is hit by Mike Ricci and loses puck.
18:05 of 2nd period - Snap shot by Mike Ricci.
18:05 of 2nd period - Shot Misses the Net.
18:07 of 2nd period - Wrist shot by Fredrik Modin.
18:07 of 2nd period - Stopped by Patrick Lalime without a rebound.
18:08 of 2nd period - Chris Drury wins face-off versus Oleg Kvasha in Avalanche zone.
18:13 of 2nd period - Snap shot by Chris Drury.
18:13 of 2nd period - Stopped by Patrick Lalime without a rebound.
18:14 of 2nd period - Chris Drury wins face-off versus Oleg Kvasha in Avalanche zone.
18:23 of 2nd period - Mark Recchi is hit by Oleg Kvasha and loses puck.
18:42 of 2nd period - Slapshot by Marc Staal.
18:42 of 2nd period - Stopped by Martin Brodeur with a rebound.
19:04 of 2nd period - Snap shot by Éric Perrin.
19:04 of 2nd period - Goal by Éric Perrin - Wild : 4 - Avalanche : 2.
19:05 of 2nd period - Oleg Kvasha wins face-off versus Chris Drury in neutral zone.
19:10 of 2nd period - Slapshot by Mattias Norstrom.
19:10 of 2nd period - Shot Blocked by Bret Hedican.
19:16 of 2nd period - Wrist shot by Jason Pominville.
19:16 of 2nd period - Deflect By Oleg Kvasha.
19:16 of 2nd period - Shot Misses the Net.
19:16 of 2nd period - Puck is out of play.
19:17 of 2nd period - Oleg Kvasha wins face-off versus R.J. Umberger in Wild zone.
19:18 of 2nd period - Snap shot by Ryan Smyth.
19:18 of 2nd period - Stopped by Martin Brodeur with a rebound.
19:53 of 2nd period - Snap shot by Jozef Stumpel.
19:53 of 2nd period - Goal by Jozef Stumpel - Wild : 5 - Avalanche : 2.
19:54 of 2nd period - Oleg Kvasha wins face-off versus Chris Drury in neutral zone.
3rd period
0:01 of 3rd period - Chris Drury wins face-off versus Oleg Kvasha in neutral zone.
0:06 of 3rd period - Slapshot by R.J. Umberger.
0:06 of 3rd period - Shot Misses the Net.
0:29 of 3rd period - Off-side.
0:30 of 3rd period - Mike Comrie wins face-off versus Vaclav Prospal in neutral zone.
0:50 of 3rd period - Wrist shot by Jozef Stumpel.
0:50 of 3rd period - Stopped by Patrick Lalime without a rebound.
0:51 of 3rd period - Oleg Kvasha wins face-off versus Chris Drury in Avalanche zone.
0:58 of 3rd period - Wrist shot by Mark Recchi.
0:58 of 3rd period - Shot Misses the Net.
1:00 of 3rd period - Slapshot by Nathan Dempsey.
1:00 of 3rd period - Stopped by Patrick Lalime without a rebound.
1:01 of 3rd period - Oleg Kvasha wins face-off versus Chris Drury in Avalanche zone.
1:22 of 3rd period - Wrist shot by Mark Recchi.
1:22 of 3rd period - Shot Misses the Net.
1:24 of 3rd period - Snap shot by Chris Drury.
1:24 of 3rd period - Stopped by Patrick Lalime with a rebound.
1:26 of 3rd period - Slapshot by Nathan Dempsey.
1:26 of 3rd period - Deflect By Chris Drury.
1:26 of 3rd period - Stopped by Patrick Lalime with a rebound.
1:28 of 3rd period - Backhand shot by Chris Drury.
1:28 of 3rd period - Stopped by Patrick Lalime with a rebound.
1:30 of 3rd period - Slapshot by R.J. Umberger.
1:30 of 3rd period - Shot Misses the Net.
1:32 of 3rd period - Wrist shot by Chris Drury.
1:32 of 3rd period - Stopped by Patrick Lalime without a rebound.
1:33 of 3rd period - Mike Comrie wins face-off versus Anson Carter in Avalanche zone.
1:37 of 3rd period - Off-side.
1:38 of 3rd period - Mike Comrie wins face-off versus Vaclav Prospal in neutral zone.
1:43 of 3rd period - Snap shot by Rostislav Olesz.
1:43 of 3rd period - Stopped by Martin Brodeur without a rebound.
1:44 of 3rd period - Oleg Kvasha wins face-off versus Chris Drury in Wild zone.
1:56 of 3rd period - Mark Recchi is hit by Ryan Smyth.
2:39 of 3rd period - Wrist shot by Maxim Talbot.
2:39 of 3rd period - Deflect By Chuck Kobasew.
2:39 of 3rd period - Stopped by Martin Brodeur with a rebound.
2:41 of 3rd period - Slapshot by Maxim Talbot.
2:41 of 3rd period - Shot Blocked by Niclas Wallin.
2:43 of 3rd period - Snap shot by Chuck Kobasew.
2:43 of 3rd period - Shot Misses the Net.
2:45 of 3rd period - Slapshot by Maxim Talbot.
2:45 of 3rd period - Stopped by Martin Brodeur with a rebound.
5:10 of 3rd period - Fedor Tyutin is hit by Ossi Vaananen and loses puck.
5:26 of 3rd period - Niclas Wallin is hit by Dustin Byfuglien and loses puck.
5:43 of 3rd period - Slapshot by Andrew Ladd.
5:43 of 3rd period - Stopped by Martin Brodeur with a rebound.
5:45 of 3rd period - Wrist shot by Dustin Byfuglien.
5:45 of 3rd period - Shot Misses the Net.
5:47 of 3rd period - Snap shot by John-Michael Liles.
5:47 of 3rd period - Stopped by Martin Brodeur without a rebound.
5:48 of 3rd period - Oleg Kvasha wins face-off versus Chris Drury in Wild zone.
5:51 of 3rd period - Wrist shot by Ryan Smyth.
5:51 of 3rd period - Shot Misses the Net.
6:22 of 3rd period - Wrist shot by Ryan Smyth.
6:22 of 3rd period - Stopped by Martin Brodeur with a rebound.
6:36 of 3rd period - Jack Johnson is hit by Danil Markov and loses puck.
7:13 of 3rd period - Wrist shot by Mike Comrie.
7:13 of 3rd period - Stopped by Martin Brodeur without a rebound.
7:14 of 3rd period - Rostislav Olesz wins face-off versus Mike Ricci in Wild zone.
7:15 of 3rd period - Backhand shot by Mike Comrie.
7:15 of 3rd period - Shot Blocked by Mike Knuble.
7:17 of 3rd period - Snap shot by Rostislav Olesz.
7:17 of 3rd period - Stopped by Martin Brodeur with a rebound.
7:19 of 3rd period - Slapshot by Mattias Norstrom.
7:19 of 3rd period - Stopped by Martin Brodeur with a rebound.
7:59 of 3rd period - Nathan Dempsey is hit by Marc Staal and loses puck.
9:50 of 3rd period - Chuck Kobasew is hit by Vaclav Prospal.
10:40 of 3rd period - Dave Tanabe is hit by Mike Ricci and loses puck.
11:21 of 3rd period - Fedor Tyutin is hit by Andrew Ladd and loses puck.
13:50 of 3rd period - John-Michael Liles is hit by Mike Ricci and loses puck.
15:44 of 3rd period - Niclas Wallin is hit by Mattias Norstrom and loses puck.
16:15 of 3rd period - Éric Perrin is hit by Chris Higgins and loses puck.
16:42 of 3rd period - Ossi Vaananen is hit by Mike Knuble and loses puck.
17:12 of 3rd period - Jack Johnson is hit by Chris Higgins and loses puck.
17:25 of 3rd period - Dustin Byfuglien is hit by Mark Recchi and loses puck.
18:22 of 3rd period - Jeff Taffe is hit by Fedor Tyutin and loses puck.
18:27 of 3rd period - Snap shot by Vaclav Prospal.
18:27 of 3rd period - Stopped by Patrick Lalime with a rebound.
18:48 of 3rd period - Mike Comrie is hit by Mike Knuble and loses puck.
19:06 of 3rd period - Mike Comrie is hit by Rod Brind'Amour and loses puck.
19:23 of 3rd period - Maxim Talbot is hit by Vaclav Prospal and loses puck.
19:53 of 3rd period - Oleg Kvasha is hit by Fredrik Modin and loses puck.
Output by the SimonT Hockey Simulator (STHS) for François Prévost -- Original Page W3C XHTML 1.0 Valid